Map: Backwater LE

Players

DnS

  • Race: Protoss Protoss
  • Spawn Location: 5:00

JonSnow - Winner!

  • Race: Zerg Zerg
  • Spawn Location: 11:00

Event: WCS Leipzig 2018

VOD

Have the link to the VOD?

Description

Time

  • Played on: Jan. 26, 2018, 6:55 a.m.
  • Length: 10:22

All games in this series

Show
View Real Time Build Order
Export as new Build Order

DnS Protoss 

Build Orders: 1 Gate Expand, Oracle Opening, Phoenix Opening 

Get SALT Encoding   

  12  0:01  Probe  
  13  0:13  Probe  
  14  0:21  Pylon  
  14  0:25  Probe  
  15  0:39  Probe (Chrono Boost)  
  15  0:41  Gateway  
  16  0:48  Probe (Chrono Boost)  
  16  0:49  Assimilator  
  17  0:53  Probe (Chrono Boost)  
  18  1:05  Probe  
  19  1:17  Probe  
  20  1:25  Nexus  
  20  1:32  Cybernetics Core  
  20  1:36  Probe  
  21  1:43  Assimilator  
  21  1:48  Probe  
  21  1:52  Pylon  
  22  2:00  Probe  
  23  2:08  Adept (Chrono Boost)  
  23  2:12  Probe  
  26  2:22  Stargate  
  26  2:24  Probe  
  26  2:27  Adept (Chrono Boost)  
  30  2:38  Probe (Chrono Boost), Warp Gate  
  30  2:41  Probe (Chrono Boost)  
  31  2:45  Adept  
  31  2:47  Probe (Chrono Boost)  
  31  2:50  Probe (Chrono Boost)  
  35  2:53  Probe  
  36  3:00  Probe  
  36  3:05  Probe  
  38  3:06  Oracle (Chrono Boost)  
  38  3:09  Pylon  
  38  3:12  Probe  
  42  3:17  Probe  
  43  3:24  Probe  
  44  3:31  Probe, Adept  
  43  3:37  Probe  
  43  3:38  Gateway  
  43  3:39  Phoenix (Chrono Boost)  
  43  3:41  Gateway  
  46  3:46  Probe  
  47  3:50  Pylon  
  47  3:52  Probe  
  47  3:55  Assimilator  
  48  3:57  Assimilator  
  48  4:01  Probe  
  49  4:04  Probe  
  49  4:05  Adept (Chrono Boost)  
  52  4:13  Probe  
  52  4:16  Probe  
  54  4:17  Shield Battery, Oracle (Chrono Boost)  
  54  4:18  Pylon  
  33  4:41  Adept x3  
  28  5:07  Adept  
  28  5:28  Probe (Chrono Boost)  
  28  5:29  Probe (Chrono Boost)  
  27  5:47  Probe x2 (Chrono Boost)  
  29  6:02  Probe (Chrono Boost)  
  31  6:07  Probe (Chrono Boost)  
  32  6:12  Probe (Chrono Boost)  
  32  6:15  Probe (Chrono Boost)  
  32  6:17  Probe (Chrono Boost)  
  34  6:26  Probe  
  34  6:32  Probe (Chrono Boost)  
  29  6:41  Probe (Chrono Boost)  
  29  6:44  Probe (Chrono Boost)  
  30  6:51  Probe (Chrono Boost)  
  30  6:53  Probe (Chrono Boost)  
  30  6:54  Adept  
  34  6:56  Probe (Chrono Boost)  
  34  6:59  Probe (Chrono Boost)  
  36  7:04  Probe  
  37  7:11  Probe  
  38  7:16  Sentry  
  38  7:17  Probe (Chrono Boost)  
  41  7:23  Probe (Chrono Boost)  
  43  7:34  Probe (Chrono Boost)  
  43  7:35  Probe (Chrono Boost)  
  43  7:36  Robotics Facility  
  44  7:39  Probe (Chrono Boost)  
  44  7:41  Probe (Chrono Boost), Pylon  
  46  7:49  Probe (Chrono Boost)  
  47  7:53  Probe (Chrono Boost)  
  45  8:05  Probe (Chrono Boost)  
  47  8:07  Probe (Chrono Boost)  
  47  8:08  Assimilator  
  47  8:11  Probe (Chrono Boost)  
  48  8:14  Probe (Chrono Boost)  
  48  8:19  Probe  
  49  8:25  Observer  
  49  8:26  Robotics Bay  
  52  8:28  Probe (Chrono Boost)  
  52  8:31  Probe (Chrono Boost)  
  55  8:41  Probe (Chrono Boost)  
  55  8:42  Probe (Chrono Boost)  
  55  8:43  Nexus  
  55  8:45  Pylon  
  55  8:46  Probe (Chrono Boost)  
  55  8:48  Immortal (Chrono Boost)  
  56  8:50  Probe  
  61  8:58  Probe  
  61  8:59  Forge  
  61  9:00  Pylon  
  61  9:02  Probe  
  63  9:10  Probe  
  63  9:14  Probe  
  63  9:16  Colossus (Chrono Boost)  
  65  9:18  Sentry  
  65  9:19  Sentry x2  
  77  9:27  Shield Battery  
  77  9:28  Shield Battery  
  77  9:38  Gateway  
  77  9:39  Gateway  
  77  9:41  Gateway  
  77  9:49  Gateway  
  63  10:15  Gateway  
Show
View Real Time Build Order
Export as new Build Order

JonSnow Zerg - Winner!

Build Orders: Hatch First 

Get SALT Encoding   

  12  0:00  Drone  
  13  0:13  Overlord  
  13  0:17  Drone  
  14  0:31  Drone x2  
  16  0:48  Hatchery  
  15  0:53  Drone  
  15  0:56  Drone  
  17  1:07  Extractor  
  17  1:11  Spawning Pool  
  15  1:15  Drone  
  15  1:17  Drone  
  17  1:25  Drone  
  18  1:32  Drone  
  19  1:39  Overlord  
  19  1:55  Drone  
  19  2:00  Queen  
  19  2:01  Queen  
  22  2:03  Zergling x2  
  25  2:09  Metabolic Boost  
  25  2:14  Drone  
  26  2:20  Zergling x4  
  28  2:39  Hatchery  
  28  2:43  Drone  
  28  2:44  Drone  
  29  2:45  Drone  
  29  2:49  Drone  
  31  2:56  Evolution Chamber  
  30  2:59  Overlord  
  30  3:12  Zergling x10  
  35  3:20  Zergling x4  
  35  3:21  Zergling x2  
  36  3:33  Zergling x2  
  36  3:38  Zergling x2  
  36  3:39  Zergling x2  
  38  3:43  Zergling x2  
  38  3:44  Zergling x2  
  40  3:58  Zergling x6  
  40  4:02  Zergling x8  
  42  4:20  Drone  
  38  4:24  Zergling x2  
  38  4:25  Zergling x4  
  38  4:29  Zergling x4  
  41  4:39  Zerg Melee Weapons Level 1  
  41  4:40  Overlord  
  41  4:42  Overlord  
  41  4:44  Spore Crawler x2  
  37  4:56  Drone x3  
  37  4:57  Drone  
  40  5:13  Drone x7  
  41  5:23  Drone x4  
  41  5:25  Zergling x2  
  44  5:28  Zergling x2  
  44  5:32  Zergling x4  
  46  5:38  Spore Crawler  
  46  5:39  Zergling x4  
  46  5:42  Drone x2  
  48  5:46  Drone x2  
  50  5:55  Overlord x3  
  50  6:04  Overlord  
  49  6:12  Zergling x2, Queen  
  49  6:14  Zergling x10  
  52  6:27  Drone x5  
  52  6:28  Drone x2  
  53  6:32  Drone  
  53  6:33  Drone  
  53  6:35  Drone  
  55  6:41  Lair  
  55  6:43  Drone  
  56  6:53  Drone  
  56  6:54  Drone x6  
  58  6:57  Drone  
  58  6:59  Drone  
  64  7:03  Zerg Missile Weapons Level 1  
  64  7:05  Extractor  
  64  7:08  Drone x3  
  66  7:12  Drone x3, Extractor x2  
  66  7:15  Drone x2  
  69  7:17  Extractor  
  69  7:20  Overlord  
  68  7:26  Queen  
  70  7:31  Drone  
  71  7:38  Drone x2  
  71  7:39  Drone  
  71  7:41  Drone x3  
  71  7:42  Drone x3, Hydralisk Den  
  79  7:49  Baneling Nest  
  78  7:54  Drone x4  
  80  8:00  Overlord x2  
  80  8:14  Muscular Augments  
  80  8:15  Hatchery, Hydralisk x6  
  80  8:19  Hydralisk  
  89  8:22  Drone  
  89  8:24  Drone  
  89  8:25  Hydralisk x2  
  89  8:26  Zergling x2  
  97  8:29  Zergling x4  
  98  8:36  Extractor  
  98  8:37  Hydralisk  
  98  8:38  Hydralisk x2  
  98  8:40  Zergling x2, Hydralisk  
  106  8:51  Overlord x2  
  106  8:54  Lurker Den  
  105  8:59  Overlord  
  105  9:01  Drone  
  104  9:10  Drone x6  
  104  9:13  Drone x3  
  112  9:18  Zergling x10  
  112  9:20  Overseer  
  116  9:25  Hydralisk x2  
  116  9:26  Hydralisk x2  
  116  9:31  Overlord  
  122  9:35  Drone x6  
  122  9:38  Queen  
  127  9:39  Extractor  
  127  9:41  Extractor  
  127  9:42  Overlord  
  127  9:51  Hydralisk x4  
  127  9:52  Zergling x2  
Tags
 
Add a new tag
Caveats
  • Supply blocks, unpowered buildings, or Contaminate may cause inaccurate times.
  • Supply counts are checked every 10 seconds.